 Dungeon Sprint DCSS version 0.31-a0-1074-g0b22e4e0f1 (webtiles) character file.

Game seed: 11078160957951840422

438 tbh1313 the Basher (level 7, -1/105 HPs)
             Began as an Ogre Berserker on Nov 28, 2023.
             Was a Believer of Trog.
             Slain by a centaur warrior (4 damage)
             ... in the Dungeon (Sprint I: "Red Sonja").
             The game lasted 00:01:26 (312 turns).

tbh1313 the Basher (Ogre Berserker)                  Turns: 312, Time: 00:01:27

Health: -1/105     AC:  3    Str: 24    XL:     7   Next: 1%
Magic:  7/7        EV: 10    Int:  8    God:    Trog [**....]
Gold:   277        SH:  0    Dex:  8    Spells: 6/6 levels left

rFire   . . .        j - +0 giant club
rCold   . . .        (shield currently unavailable)
rNeg    . . .        b - +0 animal skin
rPois   .            (helmet restricted)
rElec   .            (no cloak)
rCorr   .            (gloves unavailable)
SInv    .            (boots unavailable)
Will    .....        (no amulet) Stlth
                     (no ring)
HPRegen 0.37/turn    (no ring)
MPRegen 0.10/turn

%: no teleportation
@: berserking, very quick
A: large, unfitting armour, tough skin 1
a: Renounce Religion, Berserk, Trog's Hand


You were in the Dungeon.
You worshipped Trog.
Trog was pleased with you.
You visited 1 branch You collected 297 gold pieces.
You spent 20 gold pieces at shops.

Inventory:

Hand Weapons
 a - a +0 mace
 j - a +0 giant club (weapon)
 l - a +0 arbalest
Armour
 b - a +0 animal skin (worn)
Wands
 i - a wand of polymorph (6)
Scrolls
 h - a scroll of blinking
 k - a scroll of identify
Potions
 c - a potion of curing
 d - a potion of heal wounds
 e - a potion of haste
 f - 2 potions of magic
 g - a potion of berserk rage


   Skills:
 - Level 4.0 Fighting
 + Level 13.4 Maces & Flails
 - Level 2.6 Dodging


You had 6 spell levels left.
You didn't know any spells.
Your spell library was empty.

Dungeon Overview and Level Annotations

Branches:
Dungeon (1/1)

Altars:
Cheibriados
Dithmenos
Elyvilon
Fedhas
Gozag
Hepliaklqana
Kikubaaqudgha
Nemelex Xobeh
Okawaru
Qazlal
Ru
Sif Muna
Trog
Uskayaw
Vehumet
Wu Jian
Yredelemnul
Zin
The Shining One

Shops:
D *


Innate Abilities, Weirdness & Mutations

You are too large for most types of armour.
You have tough skin. (AC +1)


Message History

l - a +0 arbalest
There is an open door here.
There is a shimmering blue altar of Sif Muna here.
You open the door. 2 centaur warriors come into view.
The centaur warrior moves out of view. x2
Found a forked brass wand and a scroll of identify.
What are your orders? t - Shout!
Orders for allies: a - Attack new target. r - Retreat! s - Stop attacking. g - Guard the area. f - Follow me.
Anything else - Cancel.
You shout for attention!
You hear a shout! x2
You close the door.
You see here a +0 leather armour.
Something unseen opens the door.
The centaur warrior wields a +0 orcbow.
The centaur warrior shoots an arrow.
The arrow hits you!
You see here 5 stones.
The centaur warrior wields a +0 shortbow.
The centaur warrior shoots an arrow.
The arrow hits you!!
There is an open door, spattered with blood here.
The centaur warrior shoots an arrow.
The arrow hits you!
You close the door.
You start resting.
The centaur warrior unwields a +0 shortbow.
The centaur warrior completely misses you.
The centaur warrior kicks you. The centaur warrior hits you!
* * * LOW HITPOINT WARNING * * *
The centaur warrior kicks you.
* * * LOW HITPOINT WARNING * * *
There is a broken door, spattered with blood here.
A red film seems to cover your vision as you go berserk!
You feel yourself moving faster!
You feel mighty! The centaur warrior hits you.
* * * LOW HITPOINT WARNING * * *
The centaur warrior kicks you.
* * * LOW HITPOINT WARNING * * *
You closely miss the centaur warrior. The centaur warrior barely misses you.
The centaur warrior kicks you.
You die...

################
#<.#..'..#.)'..#
#..').#..'..#..+
#..#####'#####@# #
#..####..#...#c# ##/?#
#..#__####..##c#~~§c§#
#..#_____##'#_.'~~§.§
#⌠⌠#_.∩...†..._#c~§c§#
####_..__##_.#'##+## #
#_____###+#.# #######
###


You could see 2 centaur warriors.

Levels and vault maps discovered:
D:        dungeon_sprint_1 [red_sonja_temple_1, red_sonja_temple_small_1]

Notes
Turn   | Place    | Note
-------+----------+-------------------------------------------
     0 | D        | tbh1313 the Ogre Berserker began the quest for the Orb.
     0 | D        | Reached XP level 1. HP: 24/24 MP: 1/1
     1 | D        | Noticed Ijyb
    15 | D        | Killed Ijyb
    16 | D        | Reached skill level 6 in Maces & Flails
    16 | D        | Reached XP level 2. HP: 26/32 MP: 2/2
    16 | D        | Reached XP level 3. HP: 32/39 MP: 3/3
    48 | D        | Noticed an ogre
    52 | D        | Killed an ogre
    53 | D        | Reached skill level 8 in Maces & Flails
    53 | D        | Reached XP level 4. HP: 48/48 MP: 4/4
   110 | D        | Noticed Sigmund
   121 | D        | Killed Sigmund
   121 | D        | Reached ** piety under Trog
   122 | D        | Reached skill level 11 in Maces & Flails
   122 | D        | Reached XP level 5. HP: 54/54 MP: 5/5
   122 | D        | Reached XP level 6. HP: 62/62 MP: 6/6
   177 | D        | Found an ornate altar of the Wu Jian Council.
   177 | D        | Found a shimmering blue altar of Sif Muna.
   179 | D        | Found a radiant altar of Vehumet.
   184 | D        | Reached skill level 12 in Maces & Flails
   187 | D        | Found Tudu's General Store.
   187 | D        | Found an ancient bone altar of Kikubaaqudgha.
   187 | D        | Found a hazy altar of Hepliaklqana.
   187 | D        | Found a stormy altar of Qazlal.
   187 | D        | Found a hide-covered altar of Uskayaw.
   187 | D        | Found a blossoming altar of Fedhas.
   187 | D        | Found a bloodstained altar of Trog.
   187 | D        | Found an iron altar of Okawaru.
   187 | D        | Found a basalt altar of Yredelemnul.
   187 | D        | Found a glowing golden altar of the Shining One.
   187 | D        | Found a snail-covered altar of Cheibriados.
   187 | D        | Found a sacrificial altar of Ru.
   187 | D        | Found a glowing silver altar of Zin.
   187 | D        | Found a shadowy altar of Dithmenos.
   187 | D        | Found a white marble altar of Elyvilon.
   187 | D        | Noticed a yak
   192 | D        | Killed a yak
   193 | D        | Reached skill level 13 in Maces & Flails
   193 | D        | Reached XP level 7. HP: 47/70 MP: 7/7
   267 | D        | Found an opulent altar of Gozag.
   281 | D        | Found a sparkling altar of Nemelex Xobeh.
   285 | D        | Bought a scroll of identify for 20 gold pieces
   299 | D        | Noticed a centaur warrior
   299 | D        | Noticed a centaur warrior
   310 | D        | HP: 6/70 [centaur warrior (2)]
   311 | D        | HP: 2/105 [centaur warrior (2)]
   312 | D        | Slain by a centaur warrior

Table legend: (Time is in decaauts)
 A = Elapsed time spent in this place.
 B = Non-inter-level travel time spent in this place.
 C = Inter-level travel time spent in this place.
 D = Time resting spent in this place.
 E = Time spent auto-exploring this place.
 F = Levels seen in this place.
 G = Mean time per level.
                   A        B        C        D        E       F      G
               +--------+--------+--------+--------+--------+-----+--------+
         Total |    345 |    345 |      0 |    229 |      1 |   1 |  345.0 |
       Dungeon |    345 |    345 |      0 |    229 |      1 |   1 |  345.0 |
               +--------+--------+--------+--------+--------+-----+--------+

Top non-repeatable levels by time:
       D: 345 daAuts

Table legend:
 A = Kills in this place as a percentage of kills in the entire game.
 B = Kills by you in this place as a percentage of kills by you in the entire game.
 C = Kills by friends in this place as a percentage of kills by friends in the entire game.
 D = Other kills in this place as a percentage of other kills in the entire game.
 E = Experience gained in this place as a percentage of experience gained in the entire game.
 F = Experience gained in this place divided by the number of levels of this place that you have seen.
                   A       B       C       D       E      F
               +-------+-------+-------+-------+-------+----------------------
         Total | 100.0 | 100.0 |   N/A |   N/A | 100.0 | 627.0
       Dungeon | 100.0 | 100.0 |   N/A |   N/A | 100.0 | 627.0
               +-------+-------+-------+-------+-------+----------------------

Action                     |  1- 3 |  4- 6 |  7- 9 || total
---------------------------+-------+-------+-------++-------
  Melee: Mace              |    15 |       |       ||    15
         Giant club        |       |    16 |     1 ||    17
 Invoke: Berserk           |     2 |     1 |     1 ||     4
 Armour: Animal skin       |     5 |     7 |     9 ||    21
  Dodge: Dodged            |     5 |     6 |     2 ||    13

Vanquished Creatures
  Sigmund (D)
  A yak (D)
  An ogre (D)
  A jelly (D)
  Ijyb (D)
5 creatures vanquished.
